 Dungeon Crawl Stone Soup version 0.20.1-1-g8b1a95d (webtiles) character file.

73 letownia2 the Grave Robber (level 4, 30/36 HPs)
             Began as a Deep Dwarf Necromancer on Dec 27, 2017.
             Quit the game in the Ecumenical Temple.
             The game lasted 00:01:56 (465 turns).

letownia2 the Grave Robber (Deep Dwarf Necromancer)  Turns: 465, Time: 00:01:57

Health: 30/36      AC:  2    Str: 12    XL:     4   Next: 8%
Magic:  7/7        EV: 12    Int: 16    God:
Gold:   15         SH:  0    Dex: 13    Spells: 3/7 levels left

rFire    . . .     SeeInvis .   (no weapon)
rCold    . . .     Gourm    .   (no shield)
rNeg     . . .     Faith    .   a - +0 robe
rPois    .         Spirit   .   (no helmet)
rElec    .         Reflect  .   (no cloak)
rCorr    .         Harm     .   (no gloves)
MR       .....                  (no boots)
Stlth    ++........             (no amulet)
Regen    0.0/turn               (no ring)
MPRegen  0.1/turn               (no ring)

@: non-regenerating
A: damage resistance, heal wounds, sense surroundings 1, no regeneration
a: Heal Wounds


You were in the Ecumenical Temple.
You were not hungry.

You visited 2 branches of the dungeon, and saw 5 of its levels.

You collected 15 gold pieces.

Inventory:

Hand Weapons
 e - a +0 hand axe
Armour
 a - a +0 robe (worn)
 g - a +0 chain mail
Scrolls
 d - a scroll of remove curse {unknown}
Books
 b - a book of Necromancy

   Spells                             Type                      Level
   a - Pain                           Necromancy                   1
   b - Animate Skeleton               Necromancy                   1
   c - Vampiric Draining              Necromancy                   3
   d - Regeneration                   Charms/Necromancy            3
   e - Animate Dead                   Necromancy                   4
   f - Control Undead                 Necromancy                   4
Comestibles
 c - a bread ration
 f - 3 chunks of flesh


   Skills:
 - Level 2.1 Dodging
 - Level 2.4 Stealth
 - Level 2.3 Spellcasting
 + Level 5.8 Necromancy


You had 3 spell levels left.
You knew the following spells:

 Your Spells              Type           Power        Failure   Level  Hunger
a - Pain                  Necr           ###.         1%          1    #......
v - Vampiric Draining     Necr           ###.......   5%          3    ###....


Dungeon Overview and Level Annotations

Branches:
Dungeon (4/15)             Temple (1/1) D:4

Altars:
Ashenzari
Dithmenos
Elyvilon
Fedhas
Hepliaklqana
Kikubaaqudgha
Nemelex Xobeh
Okawaru
Ru
Sif Muna
Trog
Vehumet
Xom
Yredelemnul
Zin
The Shining One


Innate Abilities, Weirdness & Mutations

You are resistant to damage.
You can heal yourself by infusing magical energy.
You passively map a small area around you.
You do not regenerate.


Message History

Found a basalt altar of Yredelemnul.
Found a radiant altar of Vehumet.
You open the door.
Found a glowing silver altar of Zin.
Found an iron altar of Okawaru.
There is an open door here.
There is a glowing silver altar of Zin here.
There is a glowing silver altar of Zin here.
There is an open door here.
Some of the chunks of flesh in your inventory have rotted away.
Found a deep blue altar of Sif Muna.
Done exploring.
There is an open door here.
There is a staircase back to the Dungeon here.
You aren't carrying any pieces of jewellery.
Unknown command.
Okay, then.
You aren't carrying any potions.
Unknown command.
Are you sure you want to abandon this character and quit the game? (Confirm with "yes".)

#####################
...........#........#
...........#......#.#
...........#....@...#
...........##.......#
...#.#......##......#
..##.##......#'#....#
###...####.....##...#
.##...##.##'....#####
.#.._..#...#........#
.##...##._.##.......#
..#...#.P...#.......#


There were no monsters in sight!

Vanquished Creatures
  An orc priest (D:4)
  Jessica (D:2)
  An adder (D:3)
  3 orcs (D:4)
  2 hobgoblins (D:2)
  A rat (D:2)
9 creatures vanquished.

Notes
Turn   | Place    | Note
-------+----------+-------------------------------------------
     0 | D:1      | letownia2 the Deep Dwarf Necromancer began the quest for the Orb.
     0 | D:1      | Reached XP level 1. HP: 15/15 MP: 3/3
    39 | D:2      | Noticed Jessica
    42 | D:2      | Killed Jessica
    42 | D:2      | Reached skill level 5 in Necromancy
    42 | D:2      | Reached XP level 2. HP: 22/22 MP: 0/5
   117 | D:2      | Found a shimmering altar of Xom.
   120 | D:2      | Reached XP level 3. HP: 28/28 MP: 4/6
   125 | D:2      | Learned a level 3 spell: Vampiric Draining
   210 | D:4      | Reached XP level 4. HP: 34/36 MP: 0/7
   289 | D:4      | Found a staircase to the Ecumenical Temple.
   294 | Temple   | Entered the Ecumenical Temple
   465 | Temple   | Quit the game

Skill      XL: |  1 |
---------------+----+-----
Spellcasting   | 2 |  2.3
Necromancy     | 5 |  5.8
Dodging        | |  2.1
Stealth        | |  2.4

Action                   |  1- 3 |  4- 6 || total
-------------------------+-------+-------++-------
Melee: Unarmed           |     2 |       ||     2
 Cast: Pain              |    17 |     5 ||    22
Armor: Robe              |     1 |       ||     1
Dodge: Dodged            |     8 |     3 ||    11
